 Dungeon Crawl Stone Soup version 0.26.0-16-gc1dbca0489 (webtiles) character file.

Game seed: 4388115001913598293

373 xSliceyx the Magician (level 6, -11/32 HPs)
             Began as a Deep Elf Fire Elementalist on Jan 17, 2021.
             Mangled by Sigmund
             ... wielding a +0 scythe
              (14 damage)
             ... on level 4 of the Dungeon.
             The game lasted 00:12:14 (3420 turns).

xSliceyx the Magician (Deep Elf Fire Elementalist)  Turns: 3420, Time: 00:12:15

Health: -11/32     AC:  4    Str:  5    XL:     6   Next: 43%
Magic:  1/15       EV: 15    Int: 22    God:
Gold:   102        SH:  0    Dex: 15    Spells: 14/15 levels left

rFire    . . .     SeeInvis .   e - +4 short sword
rCold    . . .     Faith    .   (no shield)
rNeg     . . .     Spirit   .   a - +0 robe
rPois    .         Reflect  .   k - +0 helmet
rElec    .         Harm     .   (no cloak)
rCorr    .         Rampage  .   c - +0 pair of gloves
Will     .....                  (no boots)
Stlth    +.........             (no amulet)
HPRegen  0.10/turn              (no ring)
MPRegen  0.14/turn              (no ring)

@: confused
A: no striking features
a: no special abilities


You were on level 4 of the Dungeon.
You visited 1 branch of the dungeon, and saw 4 of its levels.

You collected 102 gold pieces.

Inventory:

Hand Weapons
 e - a +4 short sword (weapon)
Missiles
 n - 6 poisoned darts (quivered)
Armour
 a - a +0 robe (worn)
 c - a +0 pair of gloves (worn)
 k - a +0 helmet (worn)
Wands
 m - a wand of polymorph (2)
Scrolls
 d - a scroll of identify {unknown}
 g - 2 scrolls of teleportation {unknown}
 h - a scroll of magic mapping {unknown}
 i - a scroll of noise {unknown}
 l - a scroll of fog {unknown}
 o - a scroll of blinking {unknown}
 p - a scroll of enchant weapon {unknown}
Potions
 f - a potion of berserk rage {unknown}
 j - 2 potions of curing
 q - a potion of resistance {unknown}
 r - a potion of lignification {unknown}


   Skills:
 + Level 4.6 Dodging
 - Level 2.4 Stealth
 + Level 5.3 Spellcasting
 + Level 3.5 Conjurations
 + Level 4.9 Fire Magic


You had 14 spell levels left.
You knew the following spells:

 Your Spells              Type           Power        Failure   Level
a - Foxfire               Conj/Fire      96%          1%          1

Your spell library contained the following spells:

 Spells                   Type           Power        Failure   Level
 Conjure Flame            Conj/Fire      24%          4%          3
 Inner Flame              Hex/Fire       16%          11%         3
 Sticky Flame             Conj/Fire      24%          17%         4
 Fireball                 Conj/Fire      12%          43%         5


Dungeon Overview and Level Annotations

Branches:
Dungeon (4/15)
 Temple: D:4-7

Altars:
Yredelemnul

Annotations:
D:4 Blork the orc


Message History

You don't have enough magic to cast that spell.
Unknown command.
Unknown command.
Casting: Foxfire (safe; 1% risk of failure)
Confirm with . or Enter, or press ? or * to list all spells.
You don't have enough magic to cast that spell.
The foxfire hits something but does no damage. x2
You hear some strange, mumbled words.
You are confused.
The gnoll hits you with a +0 flail.
You miss the gnoll. Something closely misses you.
You're too confused to move!
The gnoll completely misses you. Something hits you!
Blork the orc comes into view.
He is wielding a +0 glaive and wearing a +1 robe of cold resistance.
Unknown command.
You're too confused to move!
Something hits you!
* * * LOW HITPOINT WARNING * * *
The gnoll misses you. The gnoll hits you but does no damage.
Something hits you!
You die...

.. ###. ..)# ....
$.#. ##.#### )'.
.....
#)######.#.###
.####.....##.#..<#
.o..o..).......###
#...@.....+
#..g......#
#.........#
#...†.....#
#.........#
#.....#####
#.....# +......
#....###


You could see Blork the orc and a gnoll.

Vanquished Creatures
  An ogre (D:4)
  A scorpion (D:4)
  An orc priest (D:3)
  An orc wizard (D:3)
  Jessica (D:2)
  2 gnolls (D:4)
  5 adders (D:2)
  A worm (D:2)
  2 dart slugs
  5 leopard geckos
  3 orcs
  A ball python (D:2)
  5 bats
  2 giant cockroaches (D:2)
  8 goblins
  7 hobgoblins
  7 jackals
  5 quokkas
  3 frilled lizards
  9 kobolds
  5 rats
75 creatures vanquished.

Vanquished Creatures (others)
  198 foxfires
198 creatures vanquished.

Grand Total: 273 creatures vanquished

Notes
Turn   | Place    | Note
-------+----------+-------------------------------------------
     0 | D:1      | xSliceyx the Deep Elf Fire Elementalist began the quest for
                  | the Orb.
     0 | D:1      | Reached XP level 1. HP: 10/10 MP: 6/6
   295 | D:1      | Reached XP level 2. HP: 15/15 MP: 5/8
  1072 | D:2      | Reached XP level 3. HP: 19/19 MP: 5/10
  1546 | D:2      | Noticed Jessica
  1554 | D:2      | Killed Jessica
  1555 | D:2      | Reached skill level 4 in Spellcasting
  1555 | D:2      | Reached XP level 4. HP: 24/24 MP: 3/12
  2127 | D:2      | Found a basalt altar of Yredelemnul.
  2584 | D:3      | Reached XP level 5. HP: 28/28 MP: 10/13
  3392 | D:4      | Noticed an ogre
  3397 | D:4      | Killed an ogre
  3398 | D:4      | Reached skill level 5 in Spellcasting
  3398 | D:4      | Reached XP level 6. HP: 32/32 MP: 10/15
  3416 | D:4      | Noticed Blork the orc
  3420 | D:4      | Mangled by Sigmund

Illustrated notes

Levels and vault maps discovered:
D:1:      amcnicky_arrival_feature_with_door, layout_basic
D:2:      layout_loops_corners, marbit_many_paths, uniq_jessica
D:3:      layout_basic, serial_bayou_pond_d, st_stairs_11
D:4:      wad_crossroads, layout_basic, minmay_temple_entry_stoned_glass,
          serial_shops, shop, shop, shop, shop, nicolae_shop_behind_doors,
          uniq_blork_the_orc, uniq_sigmund

Skill      XL: |  1  2  3  4  5 |
---------------+----------------+-----
Dodging        | 3 4 |  4.6
Conjurations   | 2 3 |  3.5
Spellcasting   | 4 5 |  5.3
Fire Magic     | 4 |  4.9
Stealth        | |  2.4

Action                   |  1- 3 |  4- 6 || total
-------------------------+-------+-------++-------
Melee: Club              |     1 |       ||     1
       Short sword       |     1 |     9 ||    10
 Cast: Foxfire           |    59 |    69 ||   128
Armor: Robe              |     4 |     2 ||     6
Dodge: Dodged            |    18 |    22 ||    40
